 Dungeon Crawl Stone Soup version 0.20.1-1-g8b1a95d (webtiles) character file.

14032 tmwrnj the Basher (level 12, -5/104 HPs)
             Began as a Hill Orc Fighter on Oct 2, 2017.
             Was a Priest of Beogh.
             Slain by a troll (9 damage)
             ... on level 11 of the Dungeon.
             The game lasted 00:40:59 (13619 turns).

tmwrnj the Basher (Hill Orc Fighter)               Turns: 13619, Time: 00:41:00

Health: -5/104     AC: 32    Str: 21    XL:     12   Next: 12%
Magic:  12/12      EV:  7    Int:  8    God:    Beogh [***...]
Gold:   720        SH: 16    Dex: 13    Spells: 11/11 levels left

rFire    . . .     SeeInvis .   Q - +0 flail (protect)
rCold    . . .     Gourm    .   G - +0 shield
rNeg     . . .     Faith    .   L - +1 plate armour {MR+}
rPois    .         Spirit   .   x - +2 helmet
rElec    .         Reflect  +   X - +0 cloak
rCorr    +         Harm     .   A - +1 pair of gloves
MR       +....                  l - +2 pair of boots
Stlth    ..........             J - +3 amulet of reflection
Regen    0.3/turn               k - ring of resist corrosion
MPRegen  0.2/turn               (no ring)

@: lethally poisoned (-5 -> -15), protection aura
A: no striking features
a: Smiting, Renounce Religion


You were on level 11 of the Dungeon.
You worshipped Beogh.
Beogh was most pleased with you.
You were not hungry.

You visited 2 branches of the dungeon, and saw 12 of its levels.

You collected 720 gold pieces.

Inventory:

Hand Weapons
 a - a +0 flail
 e - a +1 mace of crushing
 O - a +4 dire flail
 Q - a +0 flail of protection (weapon)
Armour
 b - a +0 plate armour of positive energy
 l - a +2 pair of boots (worn)
 r - a +0 ring mail of poison resistance
 x - a +2 helmet (worn)
 y - a +0 chain mail
 A - a +1 pair of gloves (worn)
 G - a +0 shield (worn)
 L - a +1 plate armour of magic resistance (worn)
 X - a +0 cloak (worn)
Jewellery
 k - a ring of resist corrosion (left hand)
 p - an uncursed ring of teleportation
 J - a +3 amulet of reflection (around neck)
 K - an uncursed ring of resist corrosion
Wands
 t - a wand of random effects (25/48)
 B - a wand of polymorph (1/24)
 D - a wand of scattershot (7/9)
 I - a wand of lightning (5/15)
 M - a wand of lightning (4/15)
 W - a wand of scattershot (4/9)
Scrolls
 i - 2 scrolls of teleportation
 n - 2 scrolls of magic mapping {unknown}
 q - 3 scrolls of amnesia
 w - 5 scrolls of remove curse
 z - 5 scrolls of blinking
 F - 4 scrolls of enchant armour
 N - a scroll of fear {unknown}
 U - a scroll of silence {unknown}
Potions
 c - a potion of berserk rage {unknown}
 d - 4 potions of might
 g - 3 potions of brilliance
 h - 2 potions of flight
 j - 3 potions of curing
 o - a potion of cancellation {unknown}
 u - 2 potions of heal wounds
 v - 4 potions of agility
 C - a potion of invisibility {unknown}
 E - a potion of degeneration {unknown}
 P - 4 potions of mutation
 T - a potion of ambrosia {unknown}
Comestibles
 f - 9 bread rations
 m - 8 meat rations
 s - 2 royal jellies


   Skills:
 + Level 9.1 Fighting
 + Level 12.3 Maces & Flails
 + Level 8.9 Armour
 + Level 3.7 Dodging
 + Level 1.0 Stealth
 + Level 12.0 Shields
 + Level 0.2 Evocations


You had 11 spell levels left.
You didn't know any spells.

Dungeon Overview and Level Annotations

Branches:
Dungeon (11/15)            Temple (0/1) D:4            Lair (0/6) D:10
    Orc (1/2) D:11

Altars:
Ashenzari
Elyvilon
Fedhas
Makhleb
Okawaru
Yredelemnul
Beogh

Annotations:
D:3 Sigmund
D:8 exclusions: ice statue and orange crystal statue
Orc:1 Erica


Message History

Something hits you but does no damage.
You barely miss the troll.
The troll is almost dead.
The troll bites you.
* * * LOW HITPOINT WARNING * * *
You block the troll's attack. The troll claws you but does no damage.
Something hits you but does no damage.
You closely miss the troll.
The troll is almost dead.
The troll closely misses you. You block the troll's attack.
The troll claws you but does no damage.
You hit the troll but do no damage.
The troll is severely wounded.
You hear some strange, mumbled words.
A bolt of poison appears from out of thin air!
The bolt of poison hits you!
You are lethally poisoned!
* * * LOW HITPOINT WARNING * * *
The troll bites you but does no damage. The troll claws you!
You die...

#...#....#...#######....#
#...#....#..............#
##'##....#..............#
......(..#..............#
.........#..............#
......)..#.)..(..[[.....#
...#...###(######.>.....#
...#..#)รท..#.....T#.....#
...####).(.#....@.#.....#
......(....#......#.....#
...........###''###.....#
..^.....................#
......).................#
#...####....#############
##### ######


You could see a troll.

Vanquished Creatures
  A centaur warrior (D:9)
  The ghost of simples the Magician, a novice DrFE of Vehumet (D:7)
  A cyclops (D:11)
  An ugly thing (D:10)
  A manticore (D:10)
  The ghost of Baril the Digger, a novice GrEE of Vehumet (D:6)
  Maurice (D:9)
  Psyche (D:7)
  A centaur skeleton (D:10)
  A komodo dragon (D:10)
  3 trolls
  2 hornets
  2 hippogriffs
  A wraith (D:9)
  12 yaks
  2 wyverns
  3 humans
  3 hogs (D:8)
  3 hungry ghosts
  3 wargs (D:10)
  Duvessa (D:6)
  2 water moccasins (D:10)
  8 orc warriors
  2 ice beasts
  3 phantoms (D:5)
  3 sky beasts
  4 ogres
  6 bullfrogs
  3 gnoll sergeants
  Dowan (D:6)
  4 killer bees
  5 wights (D:6)
  6 howler monkeys
  2 crimson imps
  A centaur zombie (D:7)
  10 hounds
  4 jellies
  12 orc wizards
  3 bullfrog skeletons
  5 orc priests
  Ijyb (D:3)
  Jessica (D:3)
  4 iguanas
  Natasha (thrice) (D:4)
  5 worker ants
  A hound zombie (D:10)
  Robin (D:3)
  10 gnolls
  A howler monkey skeleton (D:4)
  5 adders
  A river rat (D:5)
  2 shadow imps
  An ooze (D:3)
  2 adder zombies
  An adder skeleton (D:4)
  3 worms
  A dart slug (D:2)
  5 leopard geckos
  22 orcs
  7 giant cockroaches
  16 goblins
  13 hobgoblins
  9 jackals
  2 kobolds (D:1)
  2 quokkas
  7 bats
  3 frilled lizards (D:1)
  A giant cockroach zombie (D:6)
  A jackal skeleton (D:8)
  A leopard gecko skeleton (D:4)
  A quokka skeleton (D:5)
  12 rats
  A bush (D:10)
  A fungus (D:1)
276 creatures vanquished.

Vanquished Creatures (collateral kills)
  An orc priest (Orc:1)
1 creature vanquished.

Vanquished Creatures (others)
  A vampire (D:10)
  A centaur (D:10)
  2 orc priests (D:8)
  A hound (D:8)
  3 orc wizards
  A hound zombie (D:8)
  A gnoll (D:8)
  6 orcs
  A goblin (D:3)
17 creatures vanquished.

Grand Total: 294 creatures vanquished

Notes
Turn   | Place    | Note
-------+----------+-------------------------------------------
     0 | D:1      | tmwrnj the Hill Orc Fighter began the quest for the Orb.
     0 | D:1      | Reached XP level 1. HP: 19/19 MP: 1/1
   262 | D:1      | Reached XP level 2. HP: 27/27 MP: 2/2
   969 | D:1      | Reached XP level 3. HP: 25/33 MP: 3/3
  1401 | D:2      | Reached XP level 4. HP: 40/40 MP: 4/4
  1614 | D:2      | Found a burning altar of Makhleb.
  1823 | D:3      | Noticed Robin
  1911 | D:3      | Killed Robin
  1976 | D:3      | Reached XP level 5. HP: 46/46 MP: 5/5
  2087 | D:3      | Found a faded altar of an unknown god.
  2190 | D:3      | Noticed Ijyb
  2212 | D:3      | Killed Ijyb
  2212 | D:3      | Reached skill level 1 in Dodging
  2297 | D:3      | Noticed Jessica
  2304 | D:3      | Killed Jessica
  2344 | D:3      | Noticed Sigmund
  2572 | D:3      | Reached XP level 6. HP: 8/53 MP: 6/6
  2861 | D:4      | Found a staircase to the Ecumenical Temple.
  3220 | D:4      | Reached skill level 5 in Maces & Flails
  3363 | D:4      | Found a white marble altar of Elyvilon.
  3365 | D:4      | Noticed Natasha
  3380 | D:4      | Killed Natasha
  3504 | D:4      | Noticed Natasha
  3521 | D:4      | Killed Natasha
  3521 | D:4      | Reached XP level 7. HP: 59/60 MP: 7/7
  3767 | D:4      | Noticed Natasha
  3786 | D:4      | Killed Natasha
  3863 | D:5      | Entered Level 5 of the Dungeon
  3990 | D:5      | Reached skill level 5 in Fighting
  4045 | D:5      | Reached skill level 5 in Shields
  4197 | D:5      | Reached XP level 8. HP: 68/68 MP: 8/8
  4277 | D:5      | Reached skill level 5 in Armour
  4390 | D:5      | Found a blossoming altar of Fedhas.
  5584 | D:6      | Found a basalt altar of Yredelemnul.
  5638 | D:6      | Noticed Duvessa
  5638 | D:6      | Noticed Dowan
  5657 | D:6      | Killed Duvessa
  5657 | D:6      | Reached XP level 9. HP: 71/74 MP: 9/9
  5670 | D:6      | Killed Dowan
  5732 | D:6      | Noticed Baril's ghost (novice GrEE)
  5924 | D:7      | Noticed a hornet
  5927 | D:7      | Noticed simples's ghost (novice DrFE)
  5973 | D:6      | Killed a hornet
  6722 | D:6      | Killed Baril's ghost
  6885 | D:7      | Killed simples's ghost
  7422 | D:7      | Reached XP level 10. HP: 70/83 MP: 10/10
  7610 | D:8      | Found a shattered altar of Ashenzari.
  7614 | D:8      | Noticed Psyche
  7636 | D:7      | Killed Psyche
  7734 | D:8      | Became a worshipper of Beogh the Brigand
  7855 | D:8      | Noticed an ice statue
  7900 | D:8      | Reached skill level 10 in Maces & Flails
  8473 | D:8      | Noticed an orange crystal statue
  8514 | D:9      | Reached * piety under Beogh
  8865 | D:9      | Reached skill level 10 in Shields
  9042 | D:9      | Found an iron altar of Okawaru.
  9154 | D:9      | Reached skill level 1 in Stealth
  9168 | D:9      | Reached XP level 11. HP: 87/92 MP: 11/11
  9235 | D:9      | Noticed Maurice
  9265 | D:9      | Killed Maurice
  9652 | D:10     | Entered Level 10 of the Dungeon
  9837 | D:10     | Noticed a centaur warrior
  9839 | D:10     | Noticed a red ugly thing
  9839 | D:10     | Noticed a manticore
 10019 | D:9      | Reached ** piety under Beogh
 10416 | D:9      | Killed a centaur warrior
 10600 | D:10     | Killed a red ugly thing
 10777 | D:10     | Noticed a two-headed ogre
 11336 | D:10     | Noticed a manticore
 11770 | D:10     | Killed a manticore
 12067 | D:10     | Found a staircase to the Lair.
 12467 | D:11     | Noticed a manticore
 12630 | D:11     | Found a staircase to the Orcish Mines.
 12756 | D:11     | Noticed a cyclops
 12792 | D:11     | Killed a cyclops
 12792 | D:11     | Reached XP level 12. HP: 71/103 MP: 12/12
 12960 | Orc:1    | Entered Level 1 of the Orcish Mines
 12961 | Orc:1    | Found a roughly hewn altar of Beogh.
 13212 | D:11     | Reached *** piety under Beogh
 13565 | Orc:1    | Noticed Erica
 13619 | D:11     | HP: 4/104 [something/bolt of poison (6)]
 13619 | D:11     | Slain by a troll

Skill      XL: |  1  2  3  4  5  6  7  8  9 10 11 12 |
---------------+-------------------------------------+-----
Fighting       | 4 5 6 7 8 9 |  9.1
Maces & Flails | 3 4 5 6 8 9 10 12 | 12.3
Shields        | 4 5 6 8 10 11 12 | 12.0
Dodging        | 1 2 3 |  3.7
Armour         | 4 5 6 7 8 |  8.9
Stealth        | 1 |  1.0
Evocations     | |  0.2

Action                   |  1- 3 |  4- 6 |  7- 9 | 10-12 || total
-------------------------+-------+-------+-------+-------++-------
Melee: Flail             |   142 |   247 |   384 |   803 ||  1576
       Mace              |       |       |   145 |   183 ||   328
Invok: Convert to Beogh  |       |       |       |     1 ||     1
Evoke: Wand              |       |       |       |     1 ||     1
  Use: Scroll            |       |     2 |     4 |     6 ||    12
       Potion            |       |       |     1 |     1 ||     2
 Stab: Invisible         |       |       |       |     1 ||     1
       Distracted        |       |       |       |     1 ||     1
  Eat: Chunk             |     2 |     6 |     9 |    17 ||    34
       Royal jelly       |       |       |     3 |     5 ||     8
       Fruit             |       |       |       |     2 ||     2
Armor: Scale mail        |    79 |   125 |    93 |       ||   297
       Chain mail        |       |       |   168 |   318 ||   486
       Plate armour      |       |       |       |    70 ||    70
Dodge: Dodged            |    46 |    80 |    97 |   221 ||   444
Block: Shield            |    92 |   121 |   306 |   680 ||  1199
       Reflection        |       |       |     5 |    14 ||    19
